 Dungeon Crawl Stone Soup version 0.31-a0-542-gdc2a67831c (webtiles) character file.

Game seed: 15476181239262197713

6 GordonOverkill the Sneak (level 1, 0/11 HPs)
             Began as a Vine Stalker Delver on Aug 14, 2023.
             Slain by a scorpion (1 damage)
             ... on level 5 of the Dungeon.
             The game lasted 00:01:45 (223 turns).

GordonOverkill the Sneak (Vine Stalker Delver)       Turns: 223, Time: 00:01:45

Health: 0/11       AC:  3    Str: 14    XL:     1   Next: 90%
Magic:  0/3        EV: 11    Int: 10    God:
Gold:   0          SH:  0    Dex: 15    Spells: 1/1 levels left

rFire   . . .        a - +0 mace
rCold   . . .        (no shield)
rNeg    . . .        b - +0 leather armour
rPois   .            (no helmet)
rElec   .            (no cloak)
rCorr   .            (no gloves)
SInv    .            (no boots)
Will    .....        (no amulet)
Stlth   +++          h - ring of wizardry
HPRegen 0.21/turn    (no ring)
MPRegen 0.08/turn

%: guardian spirit, wizardry (x1)
@: lethally poisoned (0 -> -3), hasted, very quick
A: fangs 2, magic shield, antimagic bite, no potion heal 2
a: no special abilities


You were on level 5 of the Dungeon.
You visited 1 branch of the dungeon, and saw 2 of its levels.

Inventory:

Hand Weapons
 a - a +0 mace (weapon)
Armour
 b - a +0 leather armour (worn)
Jewellery
 h - a ring of wizardry (left hand)
Wands
 g - a wand of digging (3)
Scrolls
 c - a scroll of fog
 d - a scroll of revelation
 e - a scroll of poison {unknown}


   Skills:
 + Level 2.9 Fighting
 - Level 1.7 Maces & Flails
 - Level 1.5 Dodging
 - Level 6.0 Stealth
 + Level 0.9 Spellcasting


You had one spell level left.
You didn't know any spells.
Your spell library was empty.

Dungeon Overview and Level Annotations

Branches:
Dungeon (6/15)
 Temple: D:4-7

Altars:
Xom

Annotations:
D:5 2 runed translucent doors, exclusion: ice beast


Innate Abilities, Weirdness & Mutations

You have extremely sharp teeth.
When hurt, damage is shared between your health and your magic reserves.
Your bite disrupts and absorbs the magic of your enemies.
Potions cannot restore your health.


Message History

The scorpion is moderately wounded.
The scorpion stings you. x2
You barely miss the scorpion.
You bite the scorpion, but do no damage.
The scorpion is moderately wounded.
You hit the scorpion but do no damage.
The scorpion is moderately wounded.
The scorpion misses you.
The scorpion stings you but does no damage.
You barely miss the scorpion.
The scorpion is moderately wounded.
The scorpion stings you but does no damage.
You hit the scorpion but do no damage.
You bite the scorpion, but do no damage.
The scorpion is moderately wounded.
The scorpion stings you.
* * * LOW HITPOINT WARNING * * *
You are lethally poisoned!
The scorpion poisons you!
You closely miss the scorpion. You bite the scorpion. You drain its power.
You feel invigorated.
The scorpion is moderately wounded.
* * * LOW HITPOINT WARNING * * *
You feel sick.
The scorpion stings you but does no damage.
You hit the scorpion but do no damage. Your bite misses the scorpion.
The scorpion is moderately wounded.
* * * LOW HITPOINT WARNING * * *
You feel sick. The scorpion barely misses you.
You hit the scorpion but do no damage.
You punch the scorpion, but do no damage.
The scorpion is moderately wounded.
* * * LOW HITPOINT WARNING * * *
You feel sick.
The scorpion stings you but does no damage.
You hit the scorpion but do no damage.
The scorpion is moderately wounded.
* * * LOW HITPOINT WARNING * * *
You feel sick. The scorpion stings you.
You die...

............# ##.
#........)..##....
#...........#..#
#.............##
##########'##.#.
#.##.#. ##
########.##.#.##.#
#...........#s#.##
#...........##@..#
#............###'#
#................#
..................##
......###########.#
...... #.+. ......
..+.. ..._.. ..#8...
.##### ...##8$:


You could see a scorpion.

Vanquished Creatures
  3 orcs
3 creatures vanquished.

Vanquished Creatures (others)
  An iguana (D:5)
1 creature vanquished.

Grand Total: 4 creatures vanquished

Notes
Turn   | Place    | Note
-------+----------+-------------------------------------------
     0 | D:5      | GordonOverkill the Vine Stalker Delver began the quest for
                  | the Orb.
     0 | D:5      | Reached XP level 1. HP: 11/11 MP: 2/2
     6 | D:5      | Killed an iguana
     9 | D:5      | Noticed a scorpion
    40 | D:6      | Noticed a centaur
    49 | D:6      | Noticed an iguana
    63 | D:6      | Noticed an orc wizard
   196 | D:5      | Found a shimmering altar of Xom.
   198 | D:5      | Noticed an ice beast
   203 | D:5      | Found a large runed translucent door.
   205 | D:5      | Found a large runed translucent door.
   213 | D:5      | Noticed a scorpion
   223 | D:5      | Slain by a scorpion

Illustrated notes

Levels and vault maps discovered:
D:5:      kennysheep_kobold_camp, layout_basic,
          grunt_temple_overflow_order_and_chaos_1,
          mainiacjoe_overflow_boulevard, nicolae_shop_unique_rings,
          st_stairs_11, minmay_hollow_rounded_squares
D:6:      minmay_chambers_of_fours, layout_loops_cross,
          biasface_ghost_orc_armoury, sigmund_army

Action                     || total
---------------------------++-------
  Melee: Mace              ||    21
         Bite              ||     5
         Punch             ||     1
    Use: Scroll            ||     1
         Potion            ||     1
 Armour: Leather armour    ||     7
  Dodge: Dodged            ||     4

Table legend: (Time is in decaauts)
 A = Elapsed time spent in this place.
 B = Non-inter-level travel time spent in this place.
 C = Inter-level travel time spent in this place.
 D = Time resting spent in this place.
 E = Time spent auto-exploring this place.
 F = Levels seen in this place.
 G = Mean time per level.
                   A        B        C        D        E       F      G
               +--------+--------+--------+--------+--------+-----+--------+
         Total |    224 |    224 |      0 |     31 |      0 |   2 |  112.0 |
       Dungeon |    224 |    224 |      0 |     31 |      0 |   2 |  112.0 |
               +--------+--------+--------+--------+--------+-----+--------+

Top non-repeatable levels by time:
     D:5: 161 daAuts
     D:6: 63 daAuts
